 Dungeon Crawl Stone Soup version 0.21-a0-582-g1b93aee (webtiles) character file.

109 Amnesiac the Shield-Bearer (level 5, -3/35 HPs)
             Began as a Halfling Fighter on Dec 19, 2017.
             Slain by an orc
             ... wielding a +0 trident
              (8 damage)
             ... on level 3 of the Dungeon.
             The game lasted 00:01:52 (1726 turns).

Amnesiac the Shield-Bearer (Halfling Fighter)       Turns: 1726, Time: 00:01:52

Health: -3/35      AC:  8    Str: 23    XL:     5   Next: 13%
Magic:  5/5        EV: 11    Int:  6    God:
Gold:   108        SH: 10    Dex: 14    Spells: 4/4 levels left

rFire    . . .     SeeInvis .   q - +0 short sword (drain)
rCold    . . .     Gourm    .   c - +0 shield
rNeg     . . .     Faith    .   b - +0 scale mail
rPois    .         Spirit   .   (no helmet)
rElec    .         Reflect  .   (no cloak)
rCorr    .         Harm     .   l - +0 pair of gloves
MR       .....                  (no boots)
Stlth    ..........             (no amulet)
HPRegen  0.11/turn              (no ring)
MPRegen  0.09/turn              (no ring)

@: mighty
A: small, mutation resistance 1
a: no special abilities


You were on level 3 of the Dungeon.
You were not hungry.

You visited 1 branch of the dungeon, and saw 3 of its levels.

You collected 108 gold pieces.

Inventory:

Hand Weapons
 a - a +0 rapier
 q - a +0 short sword of draining (weapon)
 w - a +0 hunting sling
Missiles
 i - 35 poisoned needles
 n - 23 stones (quivered)
Armour
 b - a +0 scale mail (worn)
 c - a +0 shield (worn)
 l - a +0 pair of gloves (worn)
Scrolls
 e - 4 scrolls of remove curse {!r, unknown}
 h - a scroll of random uselessness {!r, unknown}
 j - 2 scrolls of identify {!r, unknown}
 o - a scroll of enchant weapon {!r, unknown}
 s - a scroll of fog {!r, unknown}
 u - a scroll of magic mapping {!r, unknown}
Potions
 g - a potion of degeneration {!q, unknown}
 k - 2 potions of haste {!q, unknown}
 m - a potion of cancellation {!q, unknown}
 p - a potion of agility {!q, unknown}
 t - a potion of heal wounds {!q, unknown}
 v - a potion of curing {!q, unknown}
Comestibles
 f - 5 rations
 r - a chunk of flesh


   Skills:
 - Level 2.6 Fighting
 + Level 3.1 Short Blades
 * Level 3.0 Throwing
 - Level 3.2 Armour
 + Level 2.4 Dodging
 - Level 3.2 Shields


You had 4 spell levels left.
You didn't know any spells.

Dungeon Overview and Level Annotations

Branches:
Dungeon (3/15)

Altars:
Ashenzari
Yredelemnul


Innate Abilities, Weirdness & Mutations

You are small and have problems with some larger weapons.
You are somewhat resistant to further mutation.


Message History

Deactivating autopickup; reactivate with Ctrl-A.
The orc closely misses you.
You see here a short sword.
Found a basalt altar of Yredelemnul.
Found a hunting sling.
You see here a stone.
There is a basalt altar of Yredelemnul here.
You see here a hunting sling.
w - a hunting sling You block the orc's attack.
The orc closely misses you.
You hear some strange, mumbled words.
A puff of flame appears from out of thin air!
The puff of flame hits you!
Found a mace.
Your shield and scale mail prevent you from hitting the orc.
The orc is moderately wounded.
You block the orc's attack.
You closely miss the orc.
The orc is moderately wounded.
The orc completely misses you.
You hit the orc. You drain the orc!
You kill the orc!
You hit the giant cockroach but do no damage.
The giant cockroach misses you.
Found a hand axe.
You completely miss the giant cockroach.
The giant cockroach bites you. The orc hits you but does no damage.
The giant cockroach barely misses you.
You hit the giant cockroach.
You kill the giant cockroach!
The orc hits you from afar with a trident.
You see here a giant cockroach corpse.
You closely miss something. Something hits you but does no damage.
You block the orc's attack.
You puncture something! Something hits you but does no damage.
The orc hits you but does no damage.
You miss something. Something hits you but does no damage.
The orc hits you from afar with a trident.
You miss something. Something hits you.
* * * LOW HITPOINT WARNING * * *
The orc hits you from afar with a trident.
* * * LOW HITPOINT WARNING * * *
Your shield and scale mail prevent you from hitting something.
You hear some strange, mumbled words.
A puff of flame appears from out of thin air!
The puff of flame hits you!
* * * LOW HITPOINT WARNING * * *
The orc hits you but does no damage.
Really quaff
d - a potion of might {!q}?
You feel very mighty all of a sudden.
An orc wizard appears from thin air!
Reactivating autopickup.
The orc wizard hits you but does no damage.
The orc completely misses you.
You puncture the orc wizard!
You kill the orc wizard!
Your Throwing skill increases to level 3!
You have reached level 5!
You feel agile. The orc hits you but does no damage.
Unknown command.
The orc hits you with a trident!
You die...

..........
............### .......
.... ...... ..# #
#...####.# .#.# ..
#...#....### .#.# .
)...#...#......# ... ..
.......†#......####.##.#
.##.#...@o.._...((..)..#
# #..###......#...####
#.# #......#..## #.
###....#)### #.
#.####{..##### #.
#..((o........
(..............
.........)...#.
(..s......####


You could see an orc.

Vanquished Creatures
  An orc wizard (D:3)
  A gnoll (D:1)
  An adder (D:2)
  2 oozes
  A dart slug (D:2)
  3 leopard geckos
  3 orcs (D:3)
  4 bats
  7 giant cockroaches
  2 hobgoblins
  6 kobolds
  A quokka (D:2)
  4 frilled lizards
  4 goblins
  11 rats
51 creatures vanquished.

Notes
Turn   | Place    | Note
-------+----------+-------------------------------------------
     0 | D:1      | Amnesiac the Halfling Fighter began the quest for the Orb.
     0 | D:1      | Reached XP level 1. HP: 15/15 MP: 1/1
    62 | D:1      | Reached skill level 1 in Dodging
    69 | D:1      | Reached XP level 2. HP: 20/20 MP: 2/2
    96 | D:1      | Reached skill level 1 in Throwing
   120 | D:1      | Reached XP level 3. HP: 25/25 MP: 3/3
   852 | D:2      | Reached XP level 4. HP: 27/30 MP: 4/4
  1432 | D:2      | Found a shattered altar of Ashenzari.
  1697 | D:3      | Found a basalt altar of Yredelemnul.
  1725 | D:3      | Reached XP level 5. HP: 5/35 MP: 5/5
  1726 | D:3      | Slain by an orc

Vault maps used:
D:1:      onia_arrival_larder, minmay_misc_feat_enclosed, minmay_misc_feat_doors
D:2:      old_standard_altar, first_ration
D:3:      nicolae_overflow_crystal_walls, uniq_natasha, uniq_robin, uniq_jessica

Skill      XL: |  1  2  3  4 |
---------------+-------------+-----
Dodging        | 1 2 |  2.4
Throwing       | 1 2 3 |  3.0
Short Blades   | 3 |  3.1
Fighting       | |  2.6
Armour         | |  3.2
Shields        | |  3.2

Action                   |  1- 3 |  4- 6 || total
-------------------------+-------+-------++-------
Melee: Rapier            |    75 |       ||    75
       Short sword       |     4 |    47 ||    51
Throw: Stone             |    14 |    69 ||    83
  Use: Potion            |       |     1 ||     1
  Eat: Chunk             |       |     3 ||     3
Armor: Scale mail        |    25 |    23 ||    48
Dodge: Dodged            |    22 |    16 ||    38
Block: Shield            |    34 |    18 ||    52

Table legend:
 A = Spawn XP
 B = Non-spawn XP
 C = Spawn XP percentage of total XP
 D = Spawn monster count
 E = Non-spawn monster count
 F = Spawn count percentage of total count
 G = Total turns spent on level
                    A         B        C        D         E        F      G
               +---------+---------+-------+---------+---------+-------+---------
         Total |       0 |     157 |   0.0 |       0 |      51 |   0.0 |  1726
               +---------+---------+-------+---------+---------+-------+---------
           D:1 |       0 |      59 |   0.0 |       0 |      26 |   0.0 |   844
           D:2 |       0 |      52 |   0.0 |       0 |      20 |   0.0 |   825
           D:3 |       0 |      46 |   0.0 |       0 |       5 |   0.0 |    57
               +---------+---------+-------+---------+---------+-------+---------
